 Dungeon Crawl Stone Soup version 0.22-a0-307-g2b15929 (webtiles) character file.

78 xccam the Chopper (level 4, -4/35 HPs)
             Began as a Formicid Fighter on Apr 1, 2018.
             Slain by a worm (6 damage)
             ... on level 2 of the Dungeon.
             The game lasted 00:00:58 (822 turns).

xccam the Chopper (Formicid Fighter)                 Turns: 822, Time: 00:00:58

Health: -4/35      AC:  6    Str: 26    XL:     4   Next: 61%
Magic:  4/4        EV:  8    Int:  8    God:
Gold:   78         SH: 10    Dex: 10    Spells: 3/3 levels left

rFire    . . .     SeeInvis +   a - +0 war axe
rCold    . . .     Gourm    .   c - +0 shield
rNeg     . . .     Faith    .   b - +0 scale mail
rPois    .         Spirit   .   (helmet unavailable)
rElec    .         Reflect  .   (no cloak)
rCorr    .         Harm     .   (no gloves)
MR       .....                  (no boots)
Stlth    ..........             (no amulet)
HPRegen  0.11/turn              (no ring)
MPRegen  0.09/turn              (no ring)

@: mighty, lethally poisoned (-4 -> -5)
A: permanent stasis, dig shafts and tunnels, four strong arms, antennae 3
a: Dig, Shaft Self


You were on level 2 of the Dungeon.
You were not hungry.

You visited 1 branch of the dungeon, and saw 2 of its levels.

You collected 78 gold pieces.

Inventory:

Hand Weapons
 a - a +0 war axe (weapon)
Armour
 b - a +0 scale mail (worn)
 c - a +0 shield (worn)
Scrolls
 e - 5 scrolls of enchant weapon {unknown}
 g - 4 scrolls of identify {unknown}
 i - a scroll of remove curse {unknown}
 l - a scroll of teleportation {unknown}
Potions
 h - a potion of mutation {unknown}
 j - a potion of haste {unknown}
 k - 3 potions of lignification {unknown}
 m - 2 potions of flight {unknown}
Comestibles
 f - 9 rations


   Skills:
 - Level 3.2 Fighting
 + Level 4.5 Axes
 - Level 3.2 Armour
 - Level 3.6 Shields


You had 3 spell levels left.
You didn't know any spells.

Dungeon Overview and Level Annotations

Branches:
Dungeon (2/15)

Altars:


Innate Abilities, Weirdness & Mutations

You cannot be hasted, slowed, berserked, paralysed or teleported.
You can dig through walls and to a lower floor.
Your four strong arms can wield two-handed weapons with a shield.
You have a pair of large antennae on your head. (SInv)


Message History

You kill the gnoll!
Your Axes skill increases to level 4!
You have reached level 4!
You feel clever.
You slash the gnoll! You barely miss the gnoll. You barely miss the worm.
You feel sick.
You block the gnoll's attack. x2; The worm bites you!
* * * LOW HITPOINT WARNING * * *
You slice the gnoll!!
You kill the gnoll!
You slash the gnoll!
You kill the gnoll!
You slash the rat!
You kill the rat!
You completely miss the worm.
A leopard gecko comes into view.
The leopard gecko hisses angrily.
You slash the worm!
The worm is moderately wounded.
The worm bites you.
You die...

###.#######
...l......#
..........#
..........#
..........# {
.......%..#
......)w).#
......)@).#
..........# {
..........#####
###...%.......#
############.#.##.#
#.................#
#.###########..####
#.# ... ...... #.#
#.# #..####


You could see a worm and a leopard gecko.

Vanquished Creatures
  4 gnolls (D:2)
  An adder (D:2)
  A dart slug (D:2)
  A leopard gecko (D:1)
  5 bats
  2 giant cockroaches (D:1)
  3 hobgoblins
  2 kobolds (D:1)
  2 quokkas (D:2)
  4 goblins
  4 rats
29 creatures vanquished.

Notes
Turn   | Place    | Note
-------+----------+-------------------------------------------
     0 | D:1      | xccam the Formicid Fighter began the quest for the Orb.
     0 | D:1      | Reached XP level 1. HP: 18/18 MP: 1/1
   153 | D:1      | Reached XP level 2. HP: 24/24 MP: 2/2
   290 | D:1      | Reached skill level 3 in Axes
   623 | D:2      | Reached XP level 3. HP: 26/29 MP: 3/3
   820 | D:2      | Reached skill level 4 in Axes
   820 | D:2      | Reached XP level 4. HP: 10/35 MP: 4/4
   822 | D:2      | Slain by a worm

Vault maps used:
D:1:      scummos_arrival_hexagon
D:2:      kennysheep_generic_room_4

Skill      XL: |  1  2  3 |
---------------+----------+-----
Axes           | 3 4 |  4.5
Fighting       | |  3.2
Armour         | |  3.2
Shields        | |  3.6

Action                   |  1- 3 |  4- 6 || total
-------------------------+-------+-------++-------
Melee: War axe           |    81 |     2 ||    83
  Use: Potion            |     1 |       ||     1
Armor: Scale mail        |    30 |       ||    30
Dodge: Dodged            |    30 |       ||    30
Block: Shield            |    44 |     2 ||    46

Table legend:
 A = Spawn XP
 B = Non-spawn XP
 C = Spawn XP percentage of total XP
 D = Spawn monster count
 E = Non-spawn monster count
 F = Spawn count percentage of total count
 G = Total turns spent on level
                    A         B        C        D         E        F      G
               +---------+---------+-------+---------+---------+-------+---------
         Total |       0 |     112 |   0.0 |       0 |      29 |   0.0 |   822
               +---------+---------+-------+---------+---------+-------+---------
           D:1 |       0 |      27 |   0.0 |       0 |      16 |   0.0 |   612
           D:2 |       0 |      85 |   0.0 |       0 |      13 |   0.0 |   210
               +---------+---------+-------+---------+---------+-------+---------
